 Dungeon Crawl Stone Soup version 0.20.1-1-g8b1a95d (console) character file.

30 vuolankoinen the Sneak (level 3, 0/34 HPs)
             Began as an Octopode Enchanter on Nov 24, 2017.
             Slain by a jackal (1 damage)
             ... on level 1 of the Dungeon.
             The game lasted 00:02:06 (989 turns).

vuolankoinen the Sneak (Octopode Enchanter)          Turns: 989, Time: 00:02:07

Health: 0/34       AC:  1    Str: 12    XL:     3   Next: 20%
Magic:  6/6        EV: 13    Int: 17    God:
Gold:   46         SH:  0    Dex: 13    Spells: 5/6 levels left

rFire    . . .     SeeInvis .   a - +1 dagger
rCold    . . .     Gourm    .   (no shield)
rNeg     . . .     Faith    .   (helmet restricted)
rPois    .         Spirit   .   (no amulet)
rElec    .         Reflect  .   (no ring)
rCorr    .         Harm     .   (no ring)
MR       .....                  (no ring)
Stlth    ..........             (no ring)
Regen    0.2/turn               (no ring)
MPRegen  0.1/turn               (no ring)
                                (no ring)
                                (no ring)

@: berserking, very quick
A: almost no armour, stealthy swim, amphibious, 8 rings, constrict 8, camouflage
1, gelatinous body 1
a: no special abilities


You were on level 1 of the Dungeon.
You were not hungry.

You visited 1 branch of the dungeon, and saw 1 of its levels.

You collected 46 gold pieces.

Inventory:

Hand Weapons
 a - a +1 dagger (weapon)
Scrolls
 d - 5 scrolls of teleportation {unknown}
 e - a scroll of fear {unknown}
 g - a scroll of enchant weapon {unknown}
 i - a scroll of immolation {unknown}
Books
 b - a book of Maledictions

   Spells                             Type                      Level
   a - Corona                         Hexes                        1
   b - Ensorcelled Hibernation        Hexes/Ice                    2
   c - Confuse                        Hexes                        3
   d - Tukima's Dance                 Hexes                        3
   e - Dazzling Spray                 Conjuration/Hexes            3
Comestibles
 c - a bread ration
 f - 3 fruits


   Skills:
 * Level 1.5 Fighting
 + Level 1.0 Short Blades
 + Level 2.0 Dodging
 + Level 5.1 Stealth
 - Level 2.0 Spellcasting
 - Level 3.0 Hexes


You had 5 spell levels left.
You knew the following spells:

 Your Spells              Type           Power        Failure   Level  Hunger
a - Corona                Hex            ##.....      5%          1    #......


Dungeon Overview and Level Annotations

Branches:
Dungeon (1/15)

Altars:


Innate Abilities, Weirdness & Mutations

You cannot wear most types of armour.
You are very stealthy in the water. (Stealth+)
You are amphibious.
You can wear up to eight rings at the same time.
You can use your tentacles to constrict eight enemies at once.
Your skin changes colour to match your surroundings (Stealth+).
Your rubbery body absorbs attacks. (AC +1, EV +1)


Message History

You hit the jackal but do no damage. You squeeze the jackal.
You kill the jackal!
The jackal misses you.
It was a potion of berserk rage.
A red film seems to cover your vision as you go berserk!
You feel yourself moving faster!
You feel mighty!
The jackal closely misses you. x2; The jackal misses you.
The jackal barely misses you.
You closely miss the jackal. You grab the jackal.
You constrict the jackal, but do no damage.
The jackal bites you.
* * * LOW HITPOINT WARNING * * *
You puncture the jackal!
You kill the jackal!
You completely miss the jackal. You grab the jackal.
You constrict the jackal, but do no damage.
The jackal bites you.
* * * LOW HITPOINT WARNING * * *
You puncture the jackal!
You kill the jackal!
You closely miss the jackal. You grab the jackal. You constrict the jackal.
The jackal bites you.
You die...

...............#..............# #
########.##...................# #
#....#.##.##.##.............###
##....#.##.##.##.#........).....
#.......##.##.##.#.####.........
.........##.##.##.#.# #.#.#.###.
.#.........>....#.#.####.#.#.# #.
#.......##.##..#..........#.# #.
##.#.#..##.##...##.####...#.# #.
.##.#.#...h..h.#h##.# #...#.# #.
........#....##@##.####...#.###.
##.#.##.#.....†.................
#......+.......................
#.#.##.#....#.#.........##.###+
.##.#.##.######+#).#####..##.....
.........#####.....## #..##.....
.##(.........#......# #..##.....
.##.#.######.#....#.####..##.##..
.##.#........................##..
.##.#..#####.#..#.#.####..#......
.##.#..# #.#..#.#.####..#.###..


You could see a jackal.

Vanquished Creatures
  A dart slug (D:1)
  3 bats (D:1)
  3 giant cockroaches (D:1)
  A goblin (D:1)
  3 hobgoblins (D:1)
  5 jackals (D:1)
  2 frilled lizards (D:1)
  3 kobolds (D:1)
  5 rats (D:1)
26 creatures vanquished.

Notes
Turn   | Place    | Note
-------+----------+-------------------------------------------
     0 | D:1      | vuolankoinen the Octopode Enchanter began the quest for the Orb.
     0 | D:1      | Reached XP level 1. HP: 11/11 MP: 3/3
   357 | D:1      | Reached XP level 2. HP: 13/18 MP: 1/5
   579 | D:1      | Reached skill level 1 in Fighting
   870 | D:1      | Reached skill level 5 in Stealth
   955 | D:1      | Reached XP level 3. HP: 23/23 MP: 6/6
   987 | D:1      | HP: 1/34 [jackal (2)]
   989 | D:1      | Slain by a jackal

Skill      XL: |  1  2 |
---------------+-------+-----
Fighting       | 1 |  1.5
Stealth        | 5 |  5.1
Short Blades   | |  1.0
Dodging        | |  2.0
Spellcasting   | |  2.0
Hexes          | |  3.0

Action                   || total
-------------------------++-------
Melee: Dagger            ||    53
       Constrict         ||    13
       Tentacles         ||     7
 Cast: Corona            ||     2
  Use: Potion            ||     1
 Stab: Sleeping          ||     8
Armor: Skin              ||     4
Dodge: Dodged            ||    26
